 Dungeon Crawl Stone Soup version 0.20-a0-493-g19c8d8d (webtiles) character file.

43 AlphabetPasta the Sneak (level 3, -2/19 HPs)
             Began as a Kobold Enchanter on Jan 16, 2017.
             Slain by Sigmund
             ... wielding a +0 scythe
              (5 damage)
             ... on level 2 of the Dungeon.
             The game lasted 00:08:18 (1895 turns).

AlphabetPasta the Sneak (Kobold Enchanter)          Turns: 1895, Time: 00:08:19

Health: -2/19      AC:  2    Str:  5    XL:     3   Next: 82%
Magic:  0/6        EV: 16    Int: 16    God:
Gold:   30         SH:  0    Dex: 16    Spells: 0/6 levels left

rFire    . . .     SeeInvis .   a - +2 dagger
rCold    . . .     Gourm    .   b - +0 robe
rNeg     . . .     Faith    .   (shield restricted)
rPois    .         Spirit   .   (no helmet)
rElec    .         Reflect  .   (no cloak)
rCorr    .         Harm     .   (no gloves)
MR       .....                  (no boots)
Stlth    +++.......             (no amulet)
Regen    0.1/turn               (no ring)
                                (no ring)

@: very slightly contaminated
A: carnivore 3
a: no special abilities


You were on level 2 of the Dungeon.
You were very full.

You visited 1 branch of the dungeon, and saw 2 of its levels.

You collected 30 gold pieces.

Inventory:

Hand Weapons
 a - a +2 dagger (weapon)
Armour
 b - a +0 robe (worn)
Jewellery
 f - an uncursed ring of ice {unknown}
Books
 c - a book of Maledictions

   Spells                             Type                      Level
   a - Corona                         Hexes                        1
   b - Ensorcelled Hibernation        Hexes/Ice                    2
   c - Confuse                        Hexes                        3
   d - Tukima's Dance                 Hexes                        3
   e - Dazzling Spray                 Conjuration/Hexes            3
Comestibles
 d - a meat ration


   Skills:
 * Level 2.1 Short Blades
 + Level 3.1 Dodging
 * Level 4.5 Stealth
 + Level 2.2 Spellcasting
 * Level 3.5 Hexes
 + Level 0.2 Ice Magic


You couldn't memorise any spells.
You knew the following spells:

 Your Spells              Type           Power        Failure   Level  Hunger
a - Corona                Hex            ##.....      6%          1    #......
b - Ensorcelled Hibernat  Hex/Ice        #.....       17%         2    ###....
c - Confuse               Hex            ##......     14%         3    ###....


Dungeon Overview and Level Annotations

Branches:
Dungeon (2/15)

Altars:

Annotations:
D:2 Sigmund


Innate Abilities, Weirdness & Mutations

You are small and have problems with some larger weapons.
You are carnivorous and can eat meat at any time.


Message History

Sigmund points at you and mumbles some strange words.
The magic dart hits you!
You barely miss Sigmund.
Sigmund is severely wounded.
Sigmund gestures at you while chanting. The puff of flame hits you!
* * * LOW HITPOINT WARNING * * *
Casting: Confuse
Confirm with . or Enter, or press ? or * to list all spells.
Aiming: Ensorcelled Hibernation
Press: ? - help, Shift-Dir - straight line, f/p - Sigmund
Aim: Sigmund, wielding a scythe and wearing a robe (severely wounded, chance to defeat MR: 48%)
You miscast Ensorcelled Hibernation.
You are very lightly contaminated with residual magic.
Your skin glows momentarily.
Sigmund casts a spell.
Sigmund flickers and vanishes!
Deactivating autopickup; reactivate with Ctrl-A.
You hit something but do no damage. Something hits you.
You die...

####...###.#
###..# #...#
#.#####..# #...#
#........#######
#####
#######.#......#
. #.#.####.#
....####.#.###
.............##.#
>...####.#......#
. ##.@.##........
#.{>..#######.#
##...## ##.## #<#
#.# #+#


There were no monsters in sight!

Vanquished Creatures
  2 dart slugs (D:1)
  4 bats (D:1)
  5 giant cockroaches (D:1)
  A goblin (D:1)
  8 hobgoblins (D:1)
  3 jackals (D:1)
  2 frilled lizards (D:1)
  3 kobolds (D:1)
  6 rats
34 creatures vanquished.

Notes
Turn   | Place    | Note
-------+----------+-------------------------------------------
     0 | D:1      | AlphabetPasta the Kobold Enchanter began the quest for the Orb.
     0 | D:1      | Reached XP level 1. HP: 10/10 MP: 3/3
   222 | D:1      | Reached XP level 2. HP: 9/15 MP: 1/5
   235 | D:1      | Learned a level 2 spell: Ensorcelled Hibernation
   671 | D:1      | Reached XP level 3. HP: 19/19 MP: 6/6
   837 | D:1      | Learned a level 3 spell: Confuse
  1617 | D:2      | Noticed Sigmund
  1895 | D:2      | Slain by Sigmund

Vault maps used:
D:1:      minmay_arrival_four_circles
D:2:      kiku_gazebo_garden_becter, uniq_sigmund, uniq_terence, uniq_jessica

Skill      XL: |  1  2  3 |
---------------+----------+-----
Dodging        | 3 |  3.1
Short Blades   | 2 |  2.1
Stealth        | |  4.5
Spellcasting   | |  2.2
Hexes          | |  3.5
Ice Magic      | |  0.2

Action                   || total
-------------------------++-------
Melee: Dagger            ||    91
 Cast: Corona            ||     2
       Ensorcelled Hiber ||    24
       Confuse           ||     3
  Use: Scroll            ||     8
       Potion            ||     2
 Stab: Sleeping          ||    23
       Confused          ||     1
  Eat: Chunk             ||    13
Armor: Robe              ||    13
Dodge: Dodged            ||    76
